 Dungeon Crawl Stone Soup version 0.28-a0-500-g121bc3e445 (webtiles) character file.

Game seed: 14967339196435938308

49 Sabo the Skirmisher (level 3, -5/36 HPs)
             Began as a Gargoyle Berserker on Sept 20, 2021.
             Was a Believer of Trog.
             Killed from afar by Sigmund (7 damage)
             ... with a puff of flame
             ... on level 2 of the Dungeon.
             The game lasted 00:05:50 (1205 turns).

Sabo the Skirmisher (Gargoyle Berserker)            Turns: 1205, Time: 00:05:51

Health: -5/36      AC:  9    Str: 20    XL:     3   Next: 77%
Magic:  3/3        EV: 10    Int:  7    God:    Trog [**....]
Gold:   45         SH:  0    Dex: 10    Spells: 2/2 levels left

rFire   . . .      SeeInvis .   a - +1 mace
rCold   . . .      Faith    .   (no shield)
rNeg    + . .      Spirit   .   j - +0 scale mail
rPois   ∞          Reflect  .   (no helmet)
rElec   +          Harm     .   (no cloak)
rCorr   .          Rampage  .   (no gloves)
Will    .....                   (no boots)
Stlth   ..........              (no amulet)
HPRegen 0.12/turn               (no ring)
MPRegen 0.08/turn               (no ring)

@: confused, berserking (expiring), very quick
A: sickness immunity, AC +3, negative energy resistance 1, electricity
resistance, torment resistance 1, petrification resistance
a: Renounce Religion, Berserk, Trog's Hand


You were on level 2 of the Dungeon.
You worshipped Trog.
Trog was pleased with you.
You visited 1 branch of the dungeon, and saw 2 of its levels.

You collected 45 gold pieces.

Inventory:

Hand Weapons
 a - a +1 mace (weapon)
Missiles
 b - 2 javelins (quivered)
 c - 5 atropa-tipped darts
 d - 40 bolts
 g - 7 boomerangs
 i - 18 poisoned darts
 k - 16 arrows
 l - 34 sling bullets
Armour
 j - a +0 scale mail (worn)
Scrolls
 e - a scroll of amnesia {unknown}
 h - 3 scrolls of enchant weapon
Potions
 f - a potion of heal wounds {unknown}
 m - a potion of flight {unknown}


   Skills:
 + Level 4.0 Fighting
 + Level 3.7 Maces & Flails
 + Level 2.5 Armour
 + Level 1.8 Dodging


You had 2 spell levels left.
You didn't know any spells.
Your spell library was empty.

Dungeon Overview and Level Annotations

Branches:
Dungeon (2/15)

Altars:

Shops:
D:1 *

Annotations:
D:2 Jessica, Sigmund


Innate Abilities, Weirdness & Mutations

You are immune to sickness and miasma.
Your stone body is resilient. (AC +3)
You are immune to poison.
You resist negative energy. (rN+)
You are resistant to electric shocks. (rElec)
You are resistant to unholy torment.
You are immune to petrification.


Message History

The hobgoblin no longer looks unusually strong.
Robin hits you but does no damage. Robin hits you with a +0 mace.
You sock Robin!
Robin is severely wounded.
Jessica gestures wildly while chanting.
Jessica seems to speed up.
Robin barely misses you.
You hit Robin.
Robin is severely wounded.
Robin hits you but does no damage.
You hit Robin.
Robin is almost dead.
Robin hits you with a +0 mace.
You hit Robin.
You kill Robin!
Trog accepts your kill.
You sock the hobgoblin!
You kill the hobgoblin!
Trog accepts your kill.
Jessica mumbles some strange words.
Jessica blinks!
Something hits you.
* * * LOW HITPOINT WARNING * * *
Something burns you.
* * * LOW HITPOINT WARNING * * *
A red film seems to cover your vision as you go berserk!
You feel yourself moving faster!
You feel mighty!
You feel a strong urge to attack something.
Something hits you but does no damage.
Items here: ) [[ †.
You sock something! You completely miss something.
Something hits you but does no damage.
You barely miss something. You completely miss something.
Something hits you but does no damage.
You barely miss something.
You hear some strange, mumbled words.
You are confused.
You miss something.
You hear some strange, mumbled words.
A puff of flame appears from out of thin air!
The puff of flame hits you!
You die...

#......# .. # ######.#
##. # ###.# #.. #...#
#.. #.### #@# #.# # #g#
#.# <# #{# #.# .# #)#
#.##.# #@#
#....#.#.#############
##.....#.[...........#
###.#################.#
#...#.............###.#
#.###'###########.....#
#.##.......# #####.#
#.##.......# ###
#..'..†....#


You could see Jessica (fast) and a hobgoblin.

Vanquished Creatures
  Robin (D:2)
  3 ball pythons (D:1)
  A bat (D:1)
  An endoplasm (D:1)
  3 giant cockroaches (D:1)
  12 goblins
  7 hobgoblins
  A frilled lizard (D:1)
  2 kobolds (D:1)
  2 rats
33 creatures vanquished.

Notes
Turn   | Place    | Note
-------+----------+-------------------------------------------
     0 | D:1      | Sabo the Gargoyle Berserker began the quest for the Orb.
     0 | D:1      | Reached XP level 1. HP: 14/14 MP: 1/1
    46 | D:1      | You fall into a shaft and drop 1 floor!
   172 | D:2      | Reached XP level 2. HP: 19/20 MP: 2/2
   627 | D:1      | Found Koacok's General Store.
  1075 | D:2      | Reached XP level 3. HP: 24/24 MP: 3/3
  1165 | D:2      | Noticed Robin
  1169 | D:2      | Noticed Sigmund
  1170 | D:2      | Noticed Jessica
  1178 | D:2      | Reached skill level 4 in Fighting
  1189 | D:2      | Reached ** piety under Trog
  1195 | D:2      | Killed Robin
  1196 | D:2      | HP: 1/24 [something (2)]
  1205 | D:2      | Killed from afar by Sigmund

Illustrated notes

Levels and vault maps discovered:
D:1:      moated_graveyard_arrival, layout_rooms, serial_shops,
          nicolae_shop_behind_doors, hex_medium, minmay_pentomino_r4
D:2:      layout_basic, minmay_statues_item, dk_noncrumbling_4, uniq_robin,
          uniq_jessica, uniq_sigmund

Skill      XL: |  1  2  3 |
---------------+----------+-----
Fighting       | 4 |  4.0
Maces & Flails | |  3.7
Armour         | |  2.5
Dodging        | |  1.8

Action                   || total
-------------------------++-------
Melee: Mace              ||    89
Throw: Dart              ||     2
       Javelin           ||     1
Invok: Berserk           ||     1
  Use: Scroll            ||     1
Armor: Leather armour    ||     4
       Scale mail        ||    44
Dodge: Dodged            ||    48

Table legend: (Time is in decaauts)
 A = Elapsed time spent in this place.
 B = Non-inter-level travel time spent in this place.
 C = Inter-level travel time spent in this place.
 D = Time resting spent in this place.
 E = Time spent auto-exploring this place.
 F = Levels seen in this place.
 G = Mean time per level.
                   A        B        C        D        E       F      G
               +--------+--------+--------+--------+--------+-----+--------+
         Total |   1224 |   1224 |      0 |    289 |      0 |   2 |  612.0 |
       Dungeon |   1224 |   1224 |      0 |    289 |      0 |   2 |  612.0 |
               +--------+--------+--------+--------+--------+-----+--------+

Top non-repeatable levels by time:
     D:1: 767 daAuts
     D:2: 457 daAuts
